Construct Section Command Post
Construct Platoon Command Post
Selects Indian Artillery Battlegroup
Selects Gurkha Rifles Section
6-pounder Anti-tank Gun Team
Construct Company Command Post
6-pounder Anti-tank Gun Team
Selects Volunteer Infantry
Unlock M3 Grant Medium Tanks
Selects Volunteer Infantry
Selects Artillery Saturation
Unlock Bishop Self-propelled Artillery
Selects Off-map Airburst Barrage
Selects BL5.5 Artillery Emplacement
Bishop Self-propelled Artillery